 Dungeon Crawl Stone Soup version 0.31-a0-204-g7da18cac08 (webtiles) character file.

Game seed: 8941417363143734887

121833 rabbitsville the Devastator (level 16, -2/105 HPs)
             Began as a Hill Orc Conjurer on June 27, 2023.
             Was a High Priest of Vehumet.
             Hit by a javelin thrown by a merfolk javelineer (14 damage)
             ... led by Ilsuiw
             ... on level 2 of the Shoals.
             The game lasted 02:21:51 (40045 turns).

rabbitsville the Devastator (Hill Orc Conjurer)    Turns: 40045, Time: 02:21:52

Health: -2/105     AC:  7    Str: 12    XL:     16   Next: 86%
Magic:  3/30       EV: 11    Int: 30    God:    Vehumet [*****.]
Gold:   1896       SH:  5    Dex:  9    Spells: 3/35 levels left

rFire   + . .        Y - staff of conjuration
rCold   x . .        (no shield)
rNeg    + + .        R - +2 robe {rF+}
rPois   +            i - +0 helmet
rElec   .            F - +0 cloak
rCorr   .            (no gloves)
SInv    +            P - +0 pair of boots
Will    +....        H - amulet "Igiudib" {Reflect rPois rC- rN++ SH+5 SInv}
Stlth   +            w - +6 ring of intelligence
HPRegen 0.37/turn    y - ring of wizardry
MPRegen 0.22/turn

%: reflection, wizardry (x1)
@: no status effects
A: no striking features
a: Renounce Religion


You were on level 2 of the Shoals.
You worshipped Vehumet.
Vehumet was extremely pleased with you.
You visited 5 branches of the dungeon, and saw 25 of its levels.
You also visited: Bailey and Volcano.

You collected 2620 gold pieces.
You spent 724 gold pieces at shops.

Inventory:

Armour
 i - a +0 helmet (worn)
 F - a +0 cloak (worn)
 P - a +0 pair of boots (worn)
 R - a +2 robe of fire resistance (worn)
Magical Staves
 J - a staff of fire
 Y - a staff of conjuration (weapon)
Jewellery
 c - a ring of flight
 h - a ring of protection from cold
 q - a ring of magical power
 s - a ring of resist corrosion
 v - a ring of poison resistance
 w - a +6 ring of intelligence (left hand)
 y - a ring of wizardry (right hand)
 G - a ring of see invisible
 H - the amulet "Igiudib" (around neck) {Reflect rPois rC- rN++ SH+5 SInv}
   (You acquired it in a bailey)

   [amulet of reflection]

   It reflects blocked missile attacks.
   rC:        It makes you vulnerable to cold.
   rPois:     It protects you from poison.
   rN:        It greatly protects you from negative energy.
   SInv:      It lets you see invisible.
   SH:        It affects your SH (+5).
 K - an amulet of magic regeneration
 V - a ring of positive energy
 Z - a ring of ice
Wands
 d - a wand of polymorph (1)
 f - a wand of paralysis (12)
 j - a wand of digging (10)
 I - a wand of acid (12)
 O - a wand of flame (16)
 W - a wand of roots (6)
Scrolls
 e - 5 scrolls of fog
 g - a scroll of identify
 o - 2 scrolls of vulnerability
 r - 5 scrolls of noise
 t - 5 scrolls of fear
 x - 2 scrolls of poison
 z - 3 scrolls of enchant weapon
 A - 4 scrolls of immolation
 B - 3 scrolls of revelation
 E - 3 scrolls of enchant armour
 L - 5 scrolls of teleportation
 N - 5 scrolls of amnesia
 U - 2 scrolls of silence
Potions
 a - 2 potions of berserk rage
 b - 3 potions of magic
 k - 4 potions of cancellation
 m - 2 potions of mutation
 n - 6 potions of curing
 u - 3 potions of enlightenment
 C - 5 potions of brilliance
 D - 10 potions of ambrosia
 M - 4 potions of might
 S - 2 potions of haste
 T - 2 potions of resistance
 X - 3 potions of invisibility
Miscellaneous
 p - a sack of spiders


   Skills:
 - Level 1.5 Dodging
 - Level 1.5 Stealth
 + Level 10.0 Spellcasting
 * Level 20.5 Conjurations
 - Level 6.5 Hexes
 - Level 2.6 Summonings
 * Level 14.3 Fire Magic
 - Level 10.3 Earth Magic


You had 3 spell levels left.
You knew the following spells:

 Your Spells              Type           Power      Damage    Failure   Level
a - Magic Dart            Conj           100%       1d8       0%          1
b - Searing Ray           Conj           100%       2d8       0%          2
c - Iskenderun's Battles  Conj           100%       2d15      0%          5
d - Iskenderun's Mystic   Conj/Tloc      86%        2d17      1%          4
e - Leda's Unmaking       Conj/Erth      52%        9d9       1%          6
f - Fireball              Conj/Fire      55%        3d21      1%          5
g - Fire Storm            Conj/Fire      55%        8d14      26%         9

Your spell library contained the following spells:

 Spells                   Type           Power      Damage    Failure   Level
 Ozocubu's Refrigeration  Ice            7%         4d9       90%         7
 Foxfire                  Conj/Fire      100%       2x1d9     0%          1
 Apportation              Tloc           30%        N/A       1%          1
 Necrotise                Necr           60%        1d7       1%          1
 Summon Small Mammal      Summ           100%       N/A       1%          1
 Call Canine Familiar     Summ           30%        N/A       1%          3
 Dazzling Flash           Conj/Hex       100%       N/A       1%          3
 Frozen Ramparts          Ice            30%        1d5       1%          3
 Hailstorm                Conj/Ice       86%        3d17      1%          3
 Summon Guardian Golem    Hex/Summ       42%        N/A       1%          3
 Tukima's Dance           Hex            53%        N/A       1%          3
 Blink                    Tloc           30%        N/A       2%          2
 Cigotuvi's Dreadful Rot  Necr/Pois/Air  30%        N/A       2%          2
 Sublimation of Blood     Necr           15%        N/A       2%          2
 Wereblood                Tmut           15%        N/A       2%          2
 Gell's Gravitas          Tloc           15%        N/A       4%          3
 Ozocubu's Armour         Ice            15%        N/A       4%          3
 Teleport Other           Tloc           15%        N/A       4%          3
 Fulminant Prism          Conj/Hex       49%        3d21      1%          4
 Starburst                Conj/Fire      55%        6d15      1%          6
 Yara's Violent Unravell  Hex/Tmut       17%        3d8       3%          5
 Plasma Beam              Fire/Air       27%        2x1d40    3%          6
 Spellforged Servitor     Conj/Summ      45%        N/A       3%          7
 Summon Mana Viper        Hex/Summ       42%        N/A       6%          5
 Summon Ice Beast         Ice/Summ       23%        N/A       9%          4
 Metabolic Englaciation   Hex/Ice        17%        N/A       11%         5
 Dispel Undead            Necr           15%        3d10      14%         4
 Ice Form                 Ice/Tmut       15%        N/A       14%         4
 Manifold Assault         Tloc           15%        N/A       14%         4
 Passage of Golubria      Tloc           15%        N/A       14%         4
 Summon Forest            Summ/Tloc      11%        N/A       22%         5
 Eringya's Noxious Bog    Tmut/Pois      7%         N/A       43%         6
 Death Channel            Necr           7%         N/A       88%         6
 Dispersal                Tloc           7%         N/A       88%         6
 Simulacrum               Ice/Necr       7%         N/A       88%         6
 Shatter                  Erth           33%        3d27*     97%         9
 Monstrous Menagerie      Summ           15%        N/A       98%         7
 Summon Hydra             Summ           15%        N/A       98%         7
 Chain Lightning          Conj/Air       43%        3d57      98%         9
 Storm Form               Tmut/Air       7%         N/A       100%        7


Dungeon Overview and Level Annotations

Branches:
Dungeon (15/15)            Temple (1/1) D:4            Lair (5/5) D:11
 Shoals (2/4) Lair:2       Spider (0/4) Lair:3        Slime (0/5) Lair:4
    Orc (2/2) D:10            Elf (0/3) Orc:2        Vaults (0/5) D:13
 Depths (0/4) D:15         Bailey (visited)         Volcano (visited)

Altars:
Ashenzari
Cheibriados
Dithmenos
Elyvilon
Fedhas
Gozag
Hepliaklqana
Kikubaaqudgha
Makhleb
Nemelex Xobeh
Okawaru
Qazlal
Ru
Sif Muna
Trog
Uskayaw
Vehumet
Wu Jian
Xom
Yredelemnul
Zin
The Shining One
Beogh

Shops:
D:2 [   Orc:2 ?(:::

Annotations:
D:4 1 runed translucent door, Crazy Yiuf
D:10 3 runed translucent doors, Dylgear's ghost, journeyman FoFi
D:12 2 transporters, Lance11888's ghost, journeyman OpDe
Lair:4 2 runed translucent doors, snackwell's ghost, journeyman MeEE


Message History

Vehumet accepts your kill.
You feel your power returning.
You hear a splash.
You hear a splash.
Your surroundings suddenly seem different.
Splash!
The merfolk javelineer throws a javelin.
The javelin pierces through you!
* * * LOW HITPOINT WARNING * * *
Blink to where?
Press: ? - help, Dir - move target Splash!
As you read the scroll of blinking, it crumbles to dust.
You carefully extract the barbed spikes from your body.
Okay, then.
Unknown command.
Aiming: Leda's Unmaking (mildly dangerous; 1% risk of failure)
Press: ? - help, Q - select action, (/) - cycle Shift-Dir - straight line, f - skyshark
Aim: a skyshark (84% to hit)
You feel a surge of power!
The entropic shot hits the skyshark!!!
The skyshark is severely wounded.
Aiming: Leda's Unmaking (mildly dangerous; 1% risk of failure)
Press: ? - help, Q - select action, (/) - cycle Shift-Dir - straight line, f/p - skyshark
Aim: a skyshark (severely wounded, 84% to hit)
You feel a surge of power!
The entropic shot hits the skyshark!!!
The skyshark dissolves into mud!
You kill the skyshark!
Vehumet accepts your kill.
You feel your power returning.
The merfolk javelineer throws a javelin.
The javelin completely misses you.
Aiming: Leda's Unmaking (mildly dangerous; 1% risk of failure)
Press: ? - help, Q - select action, (/) - cycle Shift-Dir - straight line, f - merfolk javelineer
Aim: a merfolk javelineer, wielding a +2 heavy spear, wearing a +0 leather armour and quivering javelins (72% to hit)
You feel a surge of power!
The entropic shot hits the merfolk javelineer!!!
The merfolk javelineer is heavily wounded.
The merfolk javelineer throws a javelin.
The javelin pierces through you!
You die...

#~≈≈≈≈≈≈≈≈≈≈≈≈≈
#~≈≈≈≈≈≈≈≈≈≈≈≈≈
##~~≈≈≈≈≈≈≈≈≈≈≈≈
♣.~~~≈~~~~≈≈≈≈≈≈
♣.~~~~~~~~≈≈≈≈≈
#~~~~~~~~~≈~~≈≈~~~~~
#~~~~~~~~~≈~~~≈~~~~~
#~~@..~~~~≈~~~~~~~~~
#~~###.m~~~~~~~~~~~~
#~.####..~~~~~~~~~~≈
.######~~......~~~~~~...~~
~~~≈≈~~~~~~...m~~........~
~≈~~~P~~~≈~m....m.<.m...~~
≈≈~~~~~~~~~.~...$...m..~~~
~~..PP~.~~~.....>###SE)§§~
~....~~≈~~~EH....# #.§..~


You could see a merfolk javelineer.

Vanquished Creatures
  A sphinx (D:14)
  Ilsuiw (Shoals:2)
  A fire giant (D:14)
  A frost giant (shapeshifter) (D:14)
  Louise (D:15)
  2 stone giants
  A very ugly thing (D:14)
  Nessos (D:12)
  A merfolk impaler (Shoals:2)
  A fire dragon (D:14)
  Josephine (D:13)
  4 catoblepae
  7 hydras
  3 vault guards (D:13)
  6 boulder beetles (D:14)
  An ogre mage (Volcano)
  10 centaur warriors
  6 two-headed ogres
  3 death yaks (Lair:5)
  A deep troll shaman (Lair:5)
  2 tengu warriors (D:13)
  A hell knight (Volcano)
  A skyshark (Shoals:2)
  A sea snake (Shoals:1)
  An orb spider (shapeshifter) (D:14)
  4 skeletal warriors (D:14)
  A pharaoh ant (Lair:3)
  The ghost of epsilonplus the Grappler, a novice TrFi of Cheibriados (D:8)
  A bog body (D:11)
  4 wizards
  A lindwurm (Lair:5)
  A deep elf archer (D:15)
  Pikel (D:4)
  7 orc knights
  5 deep elf pyromancers
  A necromancer (D:13)
  An orc sorcerer (Orc:1)
  A harpy (shapeshifter) (D:14)
  8 manticores
  16 ugly things
  15 cyclopes
  2 merfolk sirens
  2 black mambas (Lair:3)
  12 elephants
  A torpor snail (Lair:5)
  2 molten gargoyles (Volcano)
  10 cane toads
  2 unseen horrors
  3 gargoyles
  5 kobold demonologists
  5 rime drakes
  Maggie (D:9)
  An efreet (D:14)
  4 komodo dragons
  4 tengu conjurers
  5 freezing wraiths (D:14)
  A yaktaur (shapeshifter) (D:14)
  A queen bee (Lair:1)
  A meliai (shapeshifter) (D:14)
  5 trolls
  A merfolk (Shoals:1)
  A hornet (D:8)
  6 meliai (D:14)
  9 polar bears
  2 snapping turtles (Shoals:1)
  12 blink frogs
  24 slime creatures
  2 jumping spiders (Lair:3)
  Sigmund (D:4)
  2 centaur simulacra
  49 yaks
  A vampire (D:10)
  5 wyverns
  A water elemental (D:11)
  2 fire bats (Volcano)
  11 wraiths
  17 humans (D:13)
  Grum (D:10)
  5 basilisks
  A redback (Lair:3)
  A vampire mosquito (D:14)
  2 wargs (Orc:2)
  A harpy simulacrum (D:11)
  2 acid dragons
  18 water moccasins
  A swamp drake (D:10)
  Duvessa (D:6)
  4 black bears
  A sky beast (D:6)
  38 orc warriors
  3 ice beasts
  5 ogres
  15 wolves
  16 centaurs
  Blork the orc (D:4)
  16 bullfrogs
  2 scorpions
  A gnoll sergeant (D:11)
  A wight (D:8)
  Dowan (D:6)
  22 killer bees
  A howler monkey (shapeshifter) (D:14)
  6 electric eels
  2 howler monkeys
  5 lava snakes (Volcano)
  3 jellies
  15 orc priests
  6 hounds
  2 iguanas
  A sleepcap (D:5)
  7 hell rats (Lair:5)
  13 orc wizards
  2 spriggan simulacra (D:11)
  12 gnolls
  3 adders
  2 shadow imps
  3 white imps
  An ufetubus (D:6)
  85 orcs
  13 endoplasms
  3 giant cockroaches
  15 goblins
  9 hobgoblins
  17 kobolds
  5 quokkas
  9 ball pythons
  5 bats
  2 frilled lizards
  5 rats
751 creatures vanquished.

Vanquished Creatures (others)
  A boggart simulacrum (D:14)
  2 goblins (Bailey)
3 creatures vanquished.

Grand Total: 754 creatures vanquished

Notes
Turn   | Place    | Note
-------+----------+-------------------------------------------
     0 | D:1      | rabbitsville the Hill Orc Conjurer began the quest for the
                  | Orb.
     0 | D:1      | Reached XP level 1. HP: 14/14 MP: 3/3
   202 | D:1      | Reached XP level 2. HP: 20/20 MP: 0/4
   980 | D:1      | Learned a level 2 spell: Searing Ray
  1145 | D:2      | Reached XP level 3. HP: 26/26 MP: 1/6
  1363 | D:2      | Found Ves Def's Antique Armour Emporium.
  1559 | D:2      | Reached skill level 5 in Conjurations
  1594 | D:2      | Reached XP level 4. HP: 33/33 MP: 2/7
  2883 | D:3      | Reached XP level 5. HP: 32/38 MP: 8/8
  3276 | D:4      | Noticed Pikel
  3276 | D:4      | Noticed a lemure
  3276 | D:4      | Noticed a lemure
  3276 | D:4      | Noticed a lemure
  3276 | D:4      | Noticed a lemure
  3356 | D:4      | Noticed a black bear
  3466 | D:4      | Reached skill level 6 in Conjurations
  3482 | D:4      | Noticed Sigmund
  3489 | D:4      | Killed Sigmund
  3490 | D:4      | Reached XP level 6. HP: 45/45 MP: 8/10
  3561 | D:4      | Found an ancient bone altar of Kikubaaqudgha.
  3561 | D:4      | Found a shadowy altar of Dithmenos.
  3610 | D:4      | Found a staircase to the Ecumenical Temple.
  3642 | D:4      | Killed a black bear
  3643 | D:4      | Reached skill level 7 in Conjurations
  3643 | D:4      | Reached XP level 7. HP: 41/50 MP: 12/12
  3696 | Temple   | Entered the Ecumenical Temple
  3709 | Temple   | Became a worshipper of Vehumet
  3893 | D:4      | Killed Pikel
  3894 | D:4      | Reached skill level 8 in Conjurations
  3894 | D:4      | Reached XP level 8. HP: 56/57 MP: 14/14
  4043 | D:4      | Found a hide-covered altar of Uskayaw.
  4140 | D:4      | Noticed Blork the orc
  4145 | D:4      | Killed Blork the orc
  4360 | D:4      | Found a runed translucent door.
  4361 | D:4      | Noticed Crazy Yiuf
  4841 | D:5      | Entered Level 5 of the Dungeon
  5809 | D:6      | Reached skill level 9 in Conjurations
  6114 | D:6      | Noticed Dowan
  6592 | D:6      | Reached skill level 5 in Spellcasting
  6688 | D:6      | Reached XP level 9. HP: 62/62 MP: 16/16
  6800 | D:6      | Reached skill level 10 in Conjurations
  7090 | D:6      | Noticed Duvessa
  7099 | D:6      | Killed Duvessa
  7101 | D:6      | Killed Dowan
  7306 | D:4      | Found a shimmering altar of Xom.
  7306 | D:4      | Found a broken altar of Ashenzari.
  7819 | D:7      | Noticed a cyclops
  7830 | D:7      | Reached * piety under Vehumet
  7830 | D:7      | Offered knowledge of Freeze by Vehumet.
  7903 | D:7      | Killed a cyclops
  7904 | D:7      | Reached skill level 11 in Conjurations
  7904 | D:7      | Reached skill level 1 in Fire Magic
  8090 | D:7      | Reached XP level 10. HP: 37/69 MP: 7/19
  8593 | D:8      | Found a transporter.
  8593 | D:8      | Found a transporter.
  8599 | D:8      | Noticed epsilonplus's ghost (novice TrFi)
  9192 | D:8      | Reached skill level 12 in Conjurations
  9457 | D:9      | Noticed a two-headed ogre
  9621 | D:9      | Noticed Maggie
  9634 | D:9      | Killed Maggie
  9730 | D:9      | Learned a level 5 spell: Iskenderun's Battlesphere
  9860 | D:9      | Found a flagged portal.
  9876 | Bailey   | Entered a bailey
  9955 | Bailey   | Noticed an orc knight
  9976 | Bailey   | Killed an orc knight
 10128 | Bailey   | Noticed an orc knight
 10153 | Bailey   | Killed an orc knight
 10211 | Bailey   | Reached ** piety under Vehumet
 10211 | Bailey   | Offered knowledge of Sandblast by Vehumet.
 10239 | Bailey   | Noticed an orc knight
 10239 | Bailey   | Noticed an orc knight
 10279 | Bailey   | Reached skill level 5 in Fire Magic
 10336 | Bailey   | Noticed a kobold demonologist
 10339 | Bailey   | Noticed an orange demon
 10348 | Bailey   | Killed a kobold demonologist
 10508 | Bailey   | Acquired the amulet "Igiudib" {Reflect rPois rC- rN++ SH+5
                  | SInv}
 10549 | Bailey   | Killed an orc knight
 10550 | Bailey   | Reached skill level 13 in Conjurations
 10633 | Bailey   | Killed an orc knight
 10634 | Bailey   | Reached XP level 11. HP: 32/74 MP: 13/21
 10926 | Bailey   | Found an iron altar of Okawaru.
 10926 | Bailey   | Noticed an orc sorcerer
 11315 | D:9      | Killed a two-headed ogre
 11600 | D:10     | Entered Level 10 of the Dungeon
 11742 | D:10     | Found a transporter.
 11745 | D:10     | Found a transporter.
 11763 | D:10     | Found a transporter.
 11766 | D:10     | Found a transporter.
 11832 | D:10     | Offered knowledge of Momentum Strike by Vehumet.
 11841 | D:10     | Reached skill level 14 in Conjurations
 12004 | D:10     | Learned a level 4 spell: Iskenderun's Mystic Blast
 12015 | D:10     | Found a runed translucent gate.
 12015 | D:10     | Found a runed translucent gate.
 12015 | D:10     | Found a runed translucent gate.
 12028 | D:10     | Noticed Grum
 12039 | D:10     | Killed Grum
 12214 | D:10     | Found a transporter.
 12216 | D:10     | Found a transporter.
 12367 | D:10     | Reached skill level 1 in Summonings
 12933 | D:10     | Reached *** piety under Vehumet
 13545 | D:11     | Noticed a cyclops
 13557 | D:11     | Killed a cyclops
 13557 | D:11     | Offered knowledge of Sticky Flame by Vehumet.
 13651 | D:11     | Reached skill level 1 in Earth Magic
 13651 | D:11     | Reached XP level 12. HP: 71/81 MP: 24/24
 14289 | D:11     | Found a staircase to the Lair.
 14318 | D:11     | Learned a level 6 spell: Leda's Unmaking
 14808 | Lair:1   | Entered Level 1 of the Lair of Beasts
 14908 | Lair:1   | Reached skill level 15 in Conjurations
 15133 | Lair:1   | Reached **** piety under Vehumet
 15868 | Lair:1   | Reached skill level 5 in Earth Magic
 15909 | Lair:1   | Offered knowledge of Ignite Poison by Vehumet.
 16301 | Lair:1   | Found a stormy altar of Qazlal.
 16393 | Lair:1   | Found an ornate altar of the Wu Jian Council.
 16797 | Lair:2   | Found a staircase to the Shoals.
 17751 | Lair:2   | You fall into a shaft and drop 2 floors!
 17849 | Lair:4   | Reached XP level 13. HP: 86/86 MP: 25/25
 17963 | Lair:3   | Found a hole to the Spider Nest.
 17968 | Lair:3   | Reached skill level 16 in Conjurations
 18472 | Lair:3   | Reached ***** piety under Vehumet
 19186 | Lair:3   | Offered knowledge of Freezing Cloud by Vehumet.
 20487 | Lair:4   | Found a runed translucent door.
 20492 | Lair:4   | Found a staircase to the Slime Pits.
 20928 | Lair:4   | Found a runed translucent door.
 20928 | Lair:4   | Found a shimmering altar of Xom.
 20928 | Lair:4   | Noticed snackwell's ghost (journeyman MeEE)
 22201 | D:10     | Found a staircase to the Orcish Mines.
 22242 | Orc:1    | Entered Level 1 of the Orcish Mines
 22381 | Orc:1    | Found a dark tunnel.
 22436 | Volcano  | Entered a volcano
 22677 | Volcano  | Found a radiant altar of Vehumet.
 22685 | Volcano  | Reached skill level 17 in Conjurations
 22740 | Volcano  | Reached XP level 14. HP: 42/93 MP: 16/27
 23177 | Orc:2    | Entered Level 2 of the Orcish Mines
 23562 | Orc:2    | Offered knowledge of Flame Wave by Vehumet.
 23898 | Orc:2    | Found a roughly hewn altar of Beogh.
 23899 | Orc:2    | Found a staircase to the Elven Halls.
 23903 | Orc:2    | Reached skill level 10 in Earth Magic
 25818 | Orc:2    | Found Rutrufec's Book Boutique.
 25889 | Orc:2    | Found Pirodown's Antique Weapon Shoppe.
 25889 | Orc:2    | Found Cociwikou's Book Boutique.
 25891 | Orc:2    | Found Fogameuna's Book Shop.
 25893 | Orc:2    | Found Liov's Magic Scroll Emporium.
 25899 | Orc:2    | Bought a scroll of identify for 32 gold pieces
 25899 | Orc:2    | Bought a scroll of identify for 32 gold pieces
 25976 | Orc:2    | Bought a book of Annihilations for 660 gold pieces
 26135 | D:10     | Noticed Dylgear's ghost (journeyman FoFi)
 26187 | D:12     | Noticed Nessos
 26193 | D:12     | Killed Nessos
 26301 | D:12     | Found a bloodstained altar of Trog.
 27062 | D:12     | Offered knowledge of Fireball by Vehumet.
 27070 | D:12     | Learned a level 5 spell: Fireball
 27433 | D:12     | Noticed Lance11888's ghost (journeyman OpDe)
 27451 | D:12     | Identified the ring of Otoabruh {rElec rCorr}
 27460 | D:12     | Found a transporter.
 27475 | D:12     | Found a transporter.
 27788 | D:13     | Noticed Josephine
 27792 | D:13     | Killed Josephine
 27793 | D:13     | Reached skill level 10 in Spellcasting
 28389 | D:13     | Reached skill level 18 in Conjurations
 28407 | D:13     | Found a gate to the Vaults.
 29307 | Lair:5   | Entered Level 5 of the Lair of Beasts
 29464 | Lair:5   | Reached XP level 15. HP: 78/99 MP: 29/29
 29763 | Lair:5   | Reached skill level 10 in Fire Magic
 30107 | Lair:5   | Reached skill level 1 in Hexes
 31225 | Lair:5   | Offered knowledge of Orb of Destruction by Vehumet.
 32393 | D:14     | Reached skill level 19 in Conjurations
 34800 | D:14     | Noticed a frost giant
 34816 | D:14     | Killed a frost giant
 35286 | D:14     | Reached XP level 16. HP: 105/105 MP: 24/30
 35345 | D:14     | Reached skill level 5 in Hexes
 36236 | D:14     | Noticed a sphinx
 36242 | D:14     | Killed a sphinx
 36541 | D:14     | Reached skill level 20 in Conjurations
 36757 | D:14     | Offered knowledge of Ozocubu's Refrigeration by Vehumet.
 37233 | D:15     | Entered Level 15 of the Dungeon
 37271 | D:15     | Found a staircase to the Depths.
 38391 | D:15     | Noticed Louise
 38395 | D:15     | Killed Louise
 38839 | Lair:3   | Upgraded the game from 0.31-a0-202-g547052bce9 to
                  | 0.31-a0-204-g7da18cac08
 38851 | Lair:3   | Learned a level 9 spell: Fire Storm
 39229 | D:8      | Killed epsilonplus's ghost
 39612 | Shoals:1 | Entered Level 1 of the Shoals
 39961 | Shoals:2 | Noticed Ilsuiw
 40033 | Shoals:2 | HP: 3/105 [Ilsuiw/+2 trident of freezing (3)]
 40040 | Shoals:2 | Killed Ilsuiw
 40045 | Shoals:2 | Hit by a javelin thrown by a merfolk javelineer

Illustrated notes

Levels and vault maps discovered:
D:1:      scummos_arrival_forest, layout_loops_cross,
          nicolae_kite_square_tiling_tiny
D:2:      layout_loops_ring, serial_shops, nicolae_shop_tiny_real_fake_doors,
          chequers_arboretum, kennysheep_flooded_box
D:3:      cheibrodos_fertilizer, layout_loops_ring
D:4:      layout_layer_cave, kennysheep_mini_moat,
          gammafunk_temple_overflow_elements, nicolae_overflow_hidden_temple,
          minmay_temple_entry_ruins, uniq_sigmund, uniq_pikel,
          uniq_crazy_yiuf_cottage, uniq_blork_the_orc
D:5:      layout_basic
D:6:      layout_cave_pods, minmay_door_square, uniq_duvessa
D:7:      layout_rooms
D:8:      corexii_shack_village, layout_basic, nzn_ghost_randoct, st_stairs_7
D:9:      layout_rooms, enter_bailey_5, uniq_maggie
D:10:     layout_roguey [special_room_orc], erik_orc_1, gammafunk_ghost_icy,
          st_stairs_14, serial_nicolae_subway, nicolae_sub_station_stone,
          nicolae_sub_station_metal, nicolae_sub_station_crystal, uniq_grum
D:11:     dreamdust_isle_of_ice, layout_basic, erik_lair_island,
          hangedman_glass_teeth
D:12:     layout_gridville, gammafunk_ghost_wrathful_warriors, uniq_nessos
D:13:     layout_small_grid, grunt_vaults_entry_tiered,
          kennysheep_generic_room_3, uniq_josephine
D:14:     nzn_winding_woodlands_huge [nzn_winding_woodlands_5x15_pathside_ponds,
          nzn_winding_woodlands_5x15_concentric,
          nzn_winding_woodlands_5x15_sawtooth,
          nzn_winding_woodlands_5x15_lazy_stream,
          nzn_winding_woodlands_5x15_zeroes, nzn_winding_woodlands_5x15_garden,
          nzn_winding_woodlands_5x15_pool, nzn_winding_woodlands_5x15_twine,
          nzn_winding_woodlands_5x15_cabin, nzn_winding_woodlands_5x15_eye,
          nzn_winding_woodlands_center_garden,
          nzn_winding_woodlands_center_pierced_h,
          nzn_winding_woodlands_15x15_five_gardens], layout_long_grid,
          kennysheep_big_empty_room
D:15:     grunt_enter_depths_giant_problem, layout_rooms, minmay_hedge_maze,
          uniq_louise
Temple:   sentei_temple_godly_chess
Lair:1:   layout_gridlike, special_room [special_room_bee], basic_altar,
          lemuel_centaur_altar, serial_bayou_shore_a
Lair:2:   layout_cave_pods, minmay_shoals_entry_lonely_mermaid
Lair:3:   layout_roguey, nicolae_spider_entry_lesser_pyramids,
          infiniplex_staircase_pool_2
Lair:4:   layout_regular_city, slime_entry_2, ebering_ghost_xom,
          grunt_megastairs_3
Lair:5:   grunt_lair_end_beastmaster, layout_gridlike
Shoals:1: layout_shoals, nicolae_shoals_land_atoll,
          nicolae_shoals_arrival_archipelago
Shoals:2: cheibrodos_shoals_epimethial_gifts, layout_shoals,
          nicolae_stop_n_shop_1, uniq_ilsuiw
Orc:1:    layout_diamond_mine, lightli_volcano_entry_magma_tube
Orc:2:    st_orc_rangers, layout_caves, basic_altar, serial_shops, shop

Skill      XL: |  1  2  3  4  5  6  7  8  9 10 11 12 13 14 15 16 |
---------------+-------------------------------------------------+-----
Spellcasting   | 2 3 4 5 6 7 8 9 10 | 10.0
Conjurations   | 5 6 7 8 9 11 13 14 15 17 18 19 20 | 20.5
Fire Magic     | 3 5 7 9 12 14 | 14.3
Summonings     | 2 |  2.6
Earth Magic    | 1 6 9 10 | 10.3
Hexes          | 4 6 |  6.5
Dodging        | |  1.5
Stealth        | |  1.5

Action                     |  1- 3 |  4- 6 |  7- 9 | 10-12 | 13-15 | 16-18 || total
---------------------------+-------+-------+-------+-------+-------+-------++-------
  Melee: Hand axe          |     8 |       |       |       |       |       ||     8
         Unarmed           |       |     7 |     4 |       |       |       ||    11
         Whip              |       |       |       |     6 |     7 |       ||    13
         Staff             |       |       |       |       |    13 |     3 ||    16
         Punch             |       |       |       |       |     1 |       ||     1
   Fire: Sling             |     1 |       |       |       |       |       ||     1
   Cast: Magic Dart        |    62 |    73 |    76 |   226 |    95 |     7 ||   539
         Searing Ray       |       |    11 |    43 |   128 |    16 |     3 ||   201
         Iskenderun's Batt |       |       |       |    24 |    10 |     1 ||    35
         Iskenderun's Myst |       |       |       |    20 |    61 |     2 ||    83
         Leda's Unmaking   |       |       |       |    22 |   358 |   135 ||   515
         Fireball          |       |       |       |       |    18 |    15 ||    33
    Use: Potion            |       |     5 |       |     1 |     1 |     2 ||     9
         Scroll            |       |     4 |     1 |     1 |    15 |     5 ||    26
 Armour: Robe              |     2 |     8 |     9 |    61 |    30 |     2 ||   112
         Skin              |       |     2 |       |       |       |       ||     2
  Dodge: Dodged            |     8 |    21 |    31 |   142 |   120 |    15 ||   337
  Block: Other             |       |       |       |    65 |    41 |     5 ||   111
         Reflection        |       |       |       |     3 |    22 |     1 ||    26

Table legend: (Time is in decaauts)
 A = Elapsed time spent in this place.
 B = Non-inter-level travel time spent in this place.
 C = Inter-level travel time spent in this place.
 D = Time resting spent in this place.
 E = Time spent auto-exploring this place.
 F = Levels seen in this place.
 G = Mean time per level.
                   A        B        C        D        E       F      G
               +--------+--------+--------+--------+--------+-----+--------+
         Total |  40247 |  38002 |   2245 |   9243 |  20376 |  27 | 1490.6 |
       Dungeon |  25250 |  23881 |   1369 |   4445 |  13909 |  15 | 1683.3 |
        Temple |    110 |    110 |      0 |     86 |      0 |   1 |  110.0 |
          Lair |   9733 |   9058 |    675 |   1768 |   5743 |   5 | 1946.6 |
        Shoals |    237 |    237 |      0 |    163 |      0 |   2 |  118.5 |
  Orcish Mines |   3399 |   3198 |    201 |   2142 |    576 |   2 | 1699.5 |
        Bailey |   1066 |   1066 |      0 |    566 |    147 |   1 | 1066.0 |
       Volcano |    450 |    450 |      0 |     73 |      0 |   1 |  450.0 |
               +--------+--------+--------+--------+--------+-----+--------+

Top non-repeatable levels by time:
    D:14: 5196 daAuts
    D:11: 2857 daAuts
   Orc:1: 2678 daAuts
  Lair:5: 2469 daAuts
  Lair:3: 2097 daAuts
    D:13: 1945 daAuts
  Lair:1: 1898 daAuts
    D:10: 1888 daAuts
  Lair:2: 1687 daAuts
  Lair:4: 1581 daAuts
     D:6: 1566 daAuts
     D:4: 1517 daAuts
     D:8: 1500 daAuts
    D:12: 1472 daAuts
     D:3: 1161 daAuts
